 Dungeon Crawl Stone Soup version 0.30-b1-2-g02819fbbbe (webtiles) character file.

Game seed: 17527086582829683614

196 sanka the Insei (level 5, -9/45 HPs)
             Began as a Draconian Delver on May 20, 2023.
             Was a Follower of Vehumet.
             Mangled by a black bear (11 damage)
             ... on level 4 of the Dungeon.
             The game lasted 00:06:05 (2663 turns).

sanka the Insei (Draconian Delver)                  Turns: 2663, Time: 00:06:06

Health: -9/45      AC:  6    Str: 14    XL:     5   Next: 45%
Magic:  5/5        EV: 12    Int: 11    God:    Vehumet [*.....]
Gold:   247        SH:  0    Dex: 14    Spells: 3/4 levels left

rFire   + . .        o - +0 dagger (venom)
rCold   . . .        (no shield)
rNeg    . . .        (body armour unavailable)
rPois   .            (helmet restricted)
rElec   .            (no cloak)
rCorr   .            (no gloves)
SInv    .            j - +0 pair of boots
Will    .....        (no amulet)
Stlth   +++          l - ring of protection from fire
HPRegen 0.27/turn    (no ring)
MPRegen 0.09/turn

%: no passive effects
@: no status effects
A: AC +5, unfitting armour, cold-blooded
a: Renounce Religion


You were on level 4 of the Dungeon.
You worshipped Vehumet.
Vehumet was aware of your devotion.
You visited 1 branch of the dungeon, and saw 5 of its levels.

You collected 247 gold pieces.

Inventory:

Hand Weapons
 o - a +0 dagger of venom (weapon)
Missiles
 n - a throwing net {=f}
Armour
 j - a +0 pair of boots (worn)
Jewellery
 l - a ring of protection from fire (left hand)
Wands
 e - a wand of digging (3)
Scrolls
 a - a scroll of fog
 b - a scroll of magic mapping
 c - a scroll of amnesia {unknown}
 f - a scroll of teleportation {unknown}
 h - a scroll of enchant weapon {unknown}
 k - a scroll of summoning {unknown}
 p - 3 scrolls of identify {unknown}
 s - 3 scrolls of brand weapon {unknown}
 t - a scroll of noise {unknown}
Potions
 d - 2 potions of haste {@q3}
 g - a potion of curing {unknown}
 i - a potion of degeneration {unknown}
 m - a potion of might {unknown}
 q - a potion of heal wounds {unknown}
 r - 2 potions of mutation {unknown}


   Skills:
 - Level 3.3 Fighting
 - Level 1.7 Dodging
 - Level 4.5 Stealth
 + Level 5.8 Unarmed Combat


You had 3 spell levels left.
You knew the following spells:

 Your Spells              Type           Power      Damage    Failure   Level
a - Freeze                Ice            0%         1d3       34%         1

Your spell library contained the following spells:

 Spells                   Type           Power      Damage    Failure   Level
 Shock                    Conj/Air       0%         1d3       34%         1
 Swiftness                Air            0%         N/A       71%         3
 Airstrike                Air            0%         2d(0-16)  98%         4


Dungeon Overview and Level Annotations

Branches:
Dungeon (5/15)             Temple (0/1) D:4

Altars:
Hepliaklqana
Kikubaaqudgha
Vehumet
Yredelemnul

Annotations:
D:4 3 runed translucent doors, CommanderKeen's ghost, amateur TrWr; eyesofgods1's ghost, amateur DjFE


Innate Abilities, Weirdness & Mutations

Your plain brown scales are hard. (AC +5)
You cannot fit into any form of body armour.
You are cold-blooded and may be slowed by cold attacks.


Message History

You tail-slap the black bear.
The black bear is lightly wounded.
The black bear bites you. The black bear claws you.
The black bear completely misses you.
Unknown command.
You hit the black bear.
The black bear is moderately wounded.
The black bear misses you. The black bear barely misses you.
The black bear claws you.
Unknown command.
You barely miss the black bear.
The black bear is moderately wounded.
The black bear bites you. The black bear claws you. x2
Unknown command.
You hit the black bear but do no damage.
The black bear looks as sick as possible!
The black bear is heavily wounded.
The black bear bites you. The black bear barely misses you. x2
Unknown command.
You hit the black bear.
The black bear looks as sick as possible!
The black bear is severely wounded.
The black bear goes berserk!
Unknown command.
You hit the black bear but do no damage.
The black bear looks as sick as possible!
The black bear is severely wounded.
The black bear closely misses you. The black bear claws you.
* * * LOW HITPOINT WARNING * * *
The black bear closely misses you.
Unknown command.
You hit the black bear but do no damage.
The black bear looks as sick as possible!
The black bear is severely wounded.
The black bear bites you.
* * * LOW HITPOINT WARNING * * *
The black bear barely misses you. The black bear claws you.
* * * LOW HITPOINT WARNING * * *
The black bear bites you!
You die...

.. # #.#.. #.
##. #.### #.##
#...##.###
#...
#.........
##..#
#...##.###
#...# #..
#.### #.## ##
#..# #).#####
##.##
##.sh@.###
#..# #####...#
##.# ###.##
#.# #..# #.#
##.##### ##)#
#.....### #...
#####...###...
###.......
#####>..


You could see a black bear (berserk, extremely poisoned) and a scorpion.

Vanquished Creatures
  An orc priest (D:4)
  5 adders
  2 worms
  6 dart slugs
  7 orcs
  9 bats
  5 endoplasms
  4 giant cockroaches
  9 goblins
  5 hobgoblins
  7 jackals
  9 kobolds
  2 quokkas
  7 ball pythons
  6 frilled lizards
  5 rats
89 creatures vanquished.

Vanquished Creatures (others)
  6 withered plants (D:4)
6 creatures vanquished.

Grand Total: 95 creatures vanquished

Notes
Turn   | Place    | Note
-------+----------+-------------------------------------------
     0 | D:5      | sanka the Draconian Delver began the quest for the Orb.
     0 | D:5      | Reached XP level 1. HP: 19/19 MP: 1/1
    15 | D:5      | Noticed an iguana
    39 | D:4      | Found a runed translucent gate.
    40 | D:4      | Found a runed translucent gate.
    41 | D:4      | Found a runed translucent gate.
    42 | D:4      | Noticed eyesofgods1's ghost (amateur DjFE)
    44 | D:4      | Noticed CommanderKeen's ghost (amateur TrWr)
   174 | D:2      | Reached XP level 2. HP: 20/26 MP: 2/2
   241 | D:2      | Reached skill level 3 in Unarmed Combat
   320 | D:1      | Reached XP level 3. HP: 26/31 MP: 3/3
   443 | D:1      | Found a faded altar of an unknown god.
   674 | D:1      | Reached skill level 4 in Unarmed Combat
  1249 | D:2      | Reached XP level 4. HP: 38/38 MP: 4/4
  1400 | D:3      | Found a basalt altar of Yredelemnul.
  1435 | D:3      | Found an ancient bone altar of Kikubaaqudgha.
  1769 | D:1      | Reached skill level 5 in Unarmed Combat
  2095 | D:3      | Found a faded altar of an unknown god.
  2097 | D:3      | Found a faded altar of an unknown god.
  2097 | D:3      | Found a hazy altar of Hepliaklqana.
  2108 | D:3      | Prayed at the altar of an unknown god.
  2108 | D:3      | Became a worshipper of Vehumet
  2108 | D:3      | Reached * piety under Vehumet
  2108 | D:3      | Offered knowledge of Freeze by Vehumet.
  2295 | D:3      | Learned a level 1 spell: Freeze
  2403 | D:3      | Reached XP level 5. HP: 44/45 MP: 5/5
  2619 | D:4      | Found a staircase to the Ecumenical Temple.
  2646 | D:4      | Noticed a black bear
  2663 | D:4      | HP: 2/45 [black bear (3)]
  2663 | D:4      | Mangled by a black bear

Illustrated notes

Levels and vault maps discovered:
D:1:      dpeg_arrival_more_subterranean_lakeside_camping, layout_loops_ring,
          hellmonk_ecumenical_altar_arch_garden,
          wander_ebering_terrifying_dragon_lair
D:2:      layout_rooms
D:3:      layout_loops_ring, nicolae_hepliaklqana_ecumenical_no_more,
          mainiacjoe_overflow_chevrons, amcnicky_altar_gilded
D:4:      layout_rooms, minmay_temple_entry_trees, gammafunk_ghost_cemetery,
          minmay_goblin_kobold_house
D:5:      layout_basic, serial_shops, nicolae_shop_trees, uniq_grinder,
          uniq_duvessa, uniq_pikel

Skill      XL: |  1  2  3  4 |
---------------+-------------+-----
Unarmed Combat | 3 4 5 |  5.8
Fighting       | |  3.3
Dodging        | |  1.7
Stealth        | |  4.5

Action                     |  1- 3 |  4- 6 || total
---------------------------+-------+-------++-------
  Melee: Unarmed           |   147 |       ||   147
         Tailslap          |    14 |    11 ||    25
         Dagger            |    10 |   125 ||   135
         Punch             |       |     5 ||     5
    Use: Scroll            |     1 |       ||     1
   Stab: Sleeping          |     7 |     5 ||    12
         Distracted        |     1 |       ||     1
 Armour: Skin              |    36 |    46 ||    82
  Dodge: Dodged            |    80 |    89 ||   169
